 Dungeon Crawl Stone Soup version 0.20.0-15-g7f486f2 (webtiles) character file.

562 glosham the Grappler (level 7, -2/61 HPs)
             Began as a Ghoul Monk on June 11, 2017.
             Slain by a river rat (7 damage)
             ... summoned by Eustachio
             ... on level 4 of the Dungeon.
             The game lasted 00:20:29 (2143 turns).

glosham the Grappler (Ghoul Monk)                   Turns: 2143, Time: 00:20:31

Health: -2/61      AC:  3    Str: 17    XL:     7   Next: 32%
Magic:  6/6        EV: 12    Int:  5    God:
Gold:   125        SH:  0    Dex: 11    Spells: 6/6 levels left

rFire    . . .     SeeInvis .     - Unarmed
rCold    + . .     Gourm    .   (no shield)
rNeg     + + +     Faith    .   a - +1 robe
rPois    ∞         Spirit   .   (no helmet)
rElec    .         Reflect  .   (no cloak)
rCorr    .         Harm     .   (no gloves)
MR       .....                  (no boots)
Stlth    ++........             (no amulet)
Regen    0.0/turn               (no ring)
MPRegen  0.1/turn               (no ring)

@: very slightly contaminated, rotting, invisible
A: rotting body, claws 1, carnivore 3, cold resistance 1, negative energy
resistance 3, inhibited regeneration, torment resistance, unbreathing
a: no special abilities


You were on level 4 of the Dungeon.
You were not hungry.

You visited 1 branch of the dungeon, and saw 4 of its levels.
You also visited: Ossuary.

You collected 125 gold pieces.

Inventory:

Missiles
 c - 126 stones (quivered)
 d - 18 sling bullets
 e - 11 tomahawks
 j - 17 bolts
Armour
 a - a +1 robe (worn)
Scrolls
 p - a scroll of remove curse
 r - a scroll of enchant armour
Potions
 g - 2 potions of curing
 i - a potion of cancellation {unknown}
 l - a potion of degeneration {unknown}
 m - a potion of flight {unknown}
 n - a potion of invisibility
 o - 2 potions of mutation {unknown}
 q - 2 potions of heal wounds {unknown}
 s - 2 potions of haste
Comestibles
 b - 2 meat rations
 f - a royal jelly


   Skills:
 - Level 5.1 Fighting
 - Level 2.6 Dodging
 - Level 2.1 Stealth
 * Level 8.0 Unarmed Combat


You had 6 spell levels left.
You didn't know any spells.

Dungeon Overview and Level Annotations

Branches:
Dungeon (4/15)
 Temple: D:4-7

Altars:
Kikubaaqudgha

Annotations:
D:4 Eustachio


Innate Abilities, Weirdness & Mutations

Your body is rotting away.
You thrive on raw meat.
You are immune to poison.
You have sharp fingernails.
You are carnivorous and can eat meat at any time.
Your flesh is cold resistant. (rC+)
You are immune to negative energy. (rN+++)
You do not regenerate when monsters are visible.
You are immune to unholy pain and torment.
You can survive without breathing.


Message History

You are very lightly contaminated with residual magic.
You scratch Eustachio.
Eustachio is heavily wounded.
The bat hits you but does no damage. The bat barely misses you.
Eustachio barely misses you. The bat misses you. The ufetubus misses you.
The ufetubus hits you. The river rat closely misses you.
The river rat misses you.
You miss Eustachio.
Eustachio is heavily wounded.
The bat closely misses you. The ufetubus closely misses you.
The ufetubus hits you but does no damage.
Eustachio hits you with a rapier of speed.
The bat hits you but does no damage.
You closely miss Eustachio.
Eustachio is heavily wounded.
The bat hits you but does no damage. The bat hits you.
The bat closely misses you. The bat hits you but does no damage.
The ufetubus barely misses you. The ufetubus closely misses you.
The river rat bites you. Eustachio barely misses you.
You scratch Eustachio but do no damage.
Eustachio is heavily wounded.
The bat barely misses you. x2; The river rat bites you.
* * * LOW HITPOINT WARNING * * *
The bat misses you. The river rat bites you.
* * * LOW HITPOINT WARNING * * *
Eustachio barely misses you. The ufetubus closely misses you. x2
You catch the helpless Eustachio completely off-guard!
You scratch Eustachio but do no damage.
Eustachio is heavily wounded.
The bat closely misses you. The bat hits you but does no damage.
Eustachio barely misses you. The ufetubus hits you.
* * * LOW HITPOINT WARNING * * *
The ufetubus barely misses you. The river rat completely misses you.
It was a potion of berserk rage.
You cannot raise a blood rage in your lifeless body.
The bat hits you but does no damage. The bat barely misses you. x2
The ufetubus misses you. The ufetubus closely misses you.
The river rat closely misses you. Eustachio barely misses you.
The river rat bites you!
You die...

# ##...##
##..
##...##
##...##
##...##
##...##
##...##
##...##
###...###
#...b5@b#
#.....r@r#
#..$...5##
#....|..#
#.......##
..##...##
.# #..#
###


You could see Eustachio, 2 river rats, 2 ufetubi and 2 bats.

Vanquished Creatures
  A slave (D:4)
  4 water moccasin zombies (Ossuary)
  An orc priest (D:4)
  Natasha (D:2)
  An iguana (D:4)
  3 orc wizards (D:4)
  A worker ant (D:4)
  2 big kobold zombies (Ossuary)
  2 mummies (Ossuary)
  An adder (D:3)
  An ooze (D:2)
  5 adder zombies (Ossuary)
  A worm (D:4)
  2 dart slugs
  5 orcs (D:4)
  3 giant cockroaches
  A gnoll zombie (Ossuary)
  4 goblins
  2 hobgoblins
  8 jackals
  A kobold (D:1)
  6 bats
  2 frilled lizards
  4 hobgoblin zombies (Ossuary)
  5 kobold zombies (Ossuary)
  3 orc zombies (Ossuary)
  2 rats (D:3)
  2 withered plants (D:4)
74 creatures vanquished.

Notes
Turn   | Place    | Note
-------+----------+-------------------------------------------
     0 | D:1      | glosham the Ghoul Monk began the quest for the Orb.
     0 | D:1      | Reached XP level 1. HP: 19/19 MP: 0/0
   146 | D:1      | Reached XP level 2. HP: 18/26 MP: 1/1
   385 | D:2      | Reached skill level 4 in Fighting
   404 | D:2      | Noticed Natasha
   424 | D:2      | Reached XP level 3. HP: 33/33 MP: 2/2
   435 | D:2      | Killed Natasha
   435 | D:2      | Reached skill level 4 in Unarmed Combat
   508 | D:3      | Reached XP level 4. HP: 19/41 MP: 3/3
   703 | D:4      | HP: 3/41 [orc/hand axe (6)]
   711 | D:4      | Reached skill level 5 in Fighting
   711 | D:4      | Reached XP level 5. HP: 4/48 MP: 4/4
   749 | D:4      | Found an ancient bone altar of Kikubaaqudgha.
   941 | D:4      | Found a sand-covered staircase.
   948 | Ossuary  | Entered an ossuary
  1005 | Ossuary  | Reached skill level 5 in Unarmed Combat
  1069 | Ossuary  | Reached skill level 6 in Unarmed Combat
  1069 | Ossuary  | Reached XP level 6. HP: 33/56 MP: 5/5
  1456 | Ossuary  | Reached skill level 7 in Unarmed Combat
  1708 | Ossuary  | Reached XP level 7. HP: 58/58 MP: 6/6
  1864 | D:4      | Reached skill level 8 in Unarmed Combat
  2129 | D:4      | Noticed Eustachio
  2142 | D:4      | HP: 5/61 [ufetubus[Eustachio] (5)]
  2143 | D:4      | Slain by a river rat

Skill      XL: |  1  2  3  4  5  6  7 |
---------------+----------------------+-----
Fighting       | 4 5 |  5.1
Unarmed Combat | 4 6 7 8 |  8.0
Dodging        | |  2.6
Stealth        | |  2.1

Action                   |  1- 3 |  4- 6 |  7- 9 || total
-------------------------+-------+-------+-------++-------
Melee: Unarmed           |    67 |   252 |    57 ||   376
       Punch             |       |     7 |     4 ||    11
  Use: Scroll            |     4 |       |     3 ||     7
       Potion            |       |     1 |     2 ||     3
 Stab: Sleeping          |     6 |     2 |       ||     8
       Invisible         |       |       |     1 ||     1
  Eat: Chunk             |     8 |    20 |     8 ||    36
Armor: Robe              |    12 |    22 |    12 ||    46
Dodge: Dodged            |    57 |    72 |    68 ||   197

Table legend:
 A = Turns spent in this place as a percentage of turns spent in the entire game.
 B = Non-inter-level travel turns spent in this place as a percentage of non-inter-level travel turns spent in the entire game.
 C = Inter-level travel turns spent in this place as a percentage of turns spent in this place.
 D = Turns resting spent in this place as a percentage of non-inter-level travel turns spent in this place.
 E = Turns spent auto-exploring this place as a percentage of non-inter-level travel turns spent in this place.
 F = Non-inter-level travel turns spent in this place divided by the number of levels of this place that you've seen.
                   A       B       C       D       E      F
               +-------+-------+-------+-------+-------+----------------------
         Total | 100.0 | 100.0 |   0.2 |   1.1 |   0.2 | 264.8
       Dungeon |  79.4 |  79.3 |   0.3 |   0.2 |   0.2 | 262.5
       Ossuary |  20.6 |  20.7 |   0.0 |   4.7 |   0.0 | 274.0
               +-------+-------+-------+-------+-------+----------------------

Table legend:
 A = Kills in this place as a percentage of kills in entire the game.
 B = Kills by you in this place as a percentage of kills by you in the entire game.
 C = Kills by friends in this place as a percentage of kills by friends in the entire game.
 D = Other kills in this place as a percentage of other kills in the entire game.
 E = Experience gained in this place as a percentage of experience gained in the entire game.
 F = Experience gained in this place divided by the number of levels of this place that you have seen.
                   A       B       C       D       E      F
               +-------+-------+-------+-------+-------+----------------------
         Total | 100.0 | 100.0 |  -nan |  -nan | 100.0 | 160.8
       Dungeon |  63.4 |  63.4 |  -nan |  -nan |  44.3 |  89.0
       Ossuary |  36.6 |  36.6 |  -nan |  -nan |  55.7 | 448.0
               +-------+-------+-------+-------+-------+----------------------

Vault maps used:
D:1:      dpeg_arrival_oval, dk_noncrumbling_2, st_stairs_8, minmay_liquid_box,
          minmay_pentomino_o4
D:2:      uniq_natasha, uniq_sigmund, uniq_jessica
D:3:      cheibriados_altar_1
D:4:      kiku_gazebo_garden_becter, enter_ossuary_3, uniq_eustachio, uniq_pikel
Ossuary:  ossuary_tomb_2
